cohdb
Replays
Latest Replays
All Replays
Popular Replays
Top Player Replays
Match Explorer
How It Works
Community
CoH3 Stats
Reddit
Sign in to upload your games and track your stats! →
Sign in with Steam
Match 43634787
Unlisted
Match 43634787
Overview
Messages
Build Orders
End
Panzergrenadier Squad
Kradschützen Motorcycle Team
Panzergrenadier Squad
Selects Armored Support Battlegroup
Construct Light Support Kompanie
Selects Salvage Kits
Panzergrenadier Squad
Construct Mechanized Kompanie
Panzerjäger Mechanized Group
Veteran Squad Leaders
8 Rad Armored Car
Selects Panzer Storm
Panzergrenadier Squad
Selects Veteran Gunners
Panzerjäger Mechanized Group
Construct Panzerarmee Kommand
Panzergrenadier Squad
Selects Stuka Dive Bomb
Selects Flammpanzer III Medium Tank
Selects Command Panzer IV F Medium Tank
Armored Reserves
CryptX
WasaBee
Liviu
Spartako
Epsi
Been_Bug
0
0
Comments
sign in to comment!
No comments posted yet!